 Dungeon Crawl Stone Soup version 0.19-a0-1922-g1e9a4c1 (webtiles) character file.

79661 sveltemanboy the Impaler (level 15, -7/115 HPs)
             Began as a Demonspawn Gladiator on Oct 24, 2016.
             Was the Champion of Okawaru.
             Mangled by an ettin
             ... wielding a cursed -3 dire flail
              (28 damage)
             ... on level 1 of the Orcish Mines.
             The game lasted 01:02:40 (19852 turns).

sveltemanboy the Impaler (Demonspawn Gladiator)    Turns: 19852, Time: 01:02:40

Health: -7/115     AC: 20    Str: 32    XL:     15   Next: 21%
Magic:  21/21      EV: 16    Int: 16    God:    Okawaru [******]
Gold:   1021       SH: 14    Dex: 23    Spells: 0 memorised, 14 levels left

rFire  x . .     SeeInvis +     a - +8 demon trident (elec)
rCold  + . .     Gourm    .     O - +1 ice dragon scales
rNeg   + + +     Faith    .     y - +0 shield
rPois  +         Spirit   .     (helmet unavailable)
rElec  +         Reflect  .     o - +0 cloak {MR+}
rCorr  .         Harm     .     s - +1 pair of gloves of the Secret Places {Regen+ Dex+4}
MR     +++..     Clarity  +     A - +2 pair of boots
Stlth  .......... NoTele   +    P - amulet "Boutaut" {RegenMP rF- Str+8 Dex+4}
                                Q - ring of the Thirteen Hells {Fire -Tele rElec rPois rN++}
                                B - ring of Soohish {rPois rN++ Int+4}

@: no status effects
A: antennae 3, claws 2, hooves 1, clarity, clever 1, magic resistance 1, powered
by death 3, strong 2, wild magic 2, no device heal 1
a: Heroism, Finesse, Renounce Religion


You were on level 1 of the Orcish Mines.
You worshipped Okawaru.
Okawaru was exalted by your worship.
You were hungry.

You visited 4 branches of the dungeon, and saw 22 of its levels.
You also visited: Labyrinth, Ossuary and Bailey.

You collected 1291 gold pieces.
You spent 270 gold pieces at shops.

Inventory:

Hand Weapons
 a - a +8 demon trident of electrocution (weapon)
Missiles
 d - 3 throwing nets (quivered)
 g - 3 javelins
 u - 4 silver tomahawks
 F - 4 silver javelins
Armour
 o - a +0 cloak of magic resistance (worn)
 s - the +1 pair of gloves of the Secret Places (worn) {Regen+ Dex+4}
   (Okawaru gifted it to you on level 13 of the Dungeon)

   It affects your dexterity (+4).
   It increases your rate of regeneration.
 y - a +0 shield (worn)
 A - a +2 pair of boots (worn)
 O - +1 ice dragon scales (worn)
Jewellery
 B - the ring of Soohish (left hand) {rPois rN++ Int+4}
   (You found it on level 1 of the Lair of Beasts)

   [ring of poison resistance]

   It affects your intelligence (+4).
   It protects you from poison.
   It greatly protects you from negative energy.
 N - an uncursed ring of positive energy
 P - the amulet "Boutaut" (around neck) {RegenMP rF- Str+8 Dex+4}
   (You found it in a labyrinth)

   [amulet of magic regeneration]

   It increases your magic regeneration.
   It affects your strength (+8).
   It affects your dexterity (+4).
   It makes you vulnerable to fire.
 Q - the ring of the Thirteen Hells (right hand) {Fire -Tele rElec rPois rN++}
   (You found it in a labyrinth)

   [ring of fire]

   It enhances your fire magic.
   It protects you from fire.
   It makes you vulnerable to cold.
   It insulates you from electricity.
   It protects you from poison.
   It greatly protects you from negative energy.
   It prevents most forms of teleportation.
Wands
 G - a wand of disintegration (16/24)
 M - a wand of iceblast (9/15)
 R - a wand of digging (7/24)
 S - a wand of acid (9/15)
Scrolls
 e - 6 scrolls of remove curse
 k - a scroll of recharging
 m - 11 scrolls of identify
 q - 3 scrolls of summoning
 r - 5 scrolls of enchant armour
 I - 9 scrolls of teleportation
 K - 2 scrolls of fog
Potions
 b - 6 potions of heal wounds
 c - 4 potions of flight
 h - 7 potions of might
 j - 2 potions of agility
 l - 2 potions of resistance
 t - 14 potions of curing
 v - a potion of ambrosia
 x - a potion of brilliance
 C - a potion of magic
 D - a potion of haste
 T - a potion of berserk rage
Books
 p - a book of Minor Magic

   Spells                             Type                      Level
   a - Magic Dart                     Conjuration                  1
   b - Blink                          Translocation                2
   c - Call Imp                       Summoning                    2
   d - Repel Missiles                 Charms/Air                   2
   e - Slow                           Hexes                        2
   f - Conjure Flame                  Conjuration/Fire             3
   g - Mephitic Cloud                 Conjuration/Poison/Air       3
Comestibles
 f - 23 bread rations
 i - 10 meat rations
 z - 3 slices of pizza
 H - 9 beef jerkies
 J - a royal jelly
 L - 10 fruits


   Skills:
 + Level 10.2 Fighting
   Level 4.4(11.6) Axes
   Level 4.9(5.7) Maces & Flails
 - Level 15.4(15.6) Polearms
 - Level 1.7 Throwing
 - Level 9.0 Armour
 + Level 7.9 Dodging
 * Level 10.0 Shields
 - Level 8.0 Invocations


You had 14 spell levels left.
You didn't know any spells.

Dungeon Overview and Level Annotations

Branches:
Dungeon (14/15)            Temple (1/1) D:4            Lair (6/6) D:11
 Shoals (0/4) Lair:4        Snake (0/4) Lair:3        Slime (0/5) Lair:5
    Orc (1/2) D:10         Vaults (0/5) D:13

Altars:
Cheibriados
Dithmenos
Elyvilon
Fedhas
Gozag
Kikubaaqudgha
Nemelex Xobeh
Okawaru
Qazlal
Ru
Sif Muna
Trog
Uskayaw
Vehumet
Xom
Yredelemnul
The Shining One
Jiyva

Shops:
D:4 (   D:10 [

Annotations:
Lair:1 exclusion: 3 oklob plants


Innate Abilities, Weirdness & Mutations

You have a pair of large antennae on your head. (SInv)
You have very sharp fingernails.
You have large cloven feet.
You regenerate a lot of health from kills.
You possess an exceptional clarity of mind.
Your mind is acute. (Int +2)
You are resistant to hostile enchantments. (MR+)
Your muscles are very strong. (Str +4)
Your spells are harder to cast, but more powerful.
Potions and wands are less effective at restoring your health.


Message History

The orc warrior closely misses you. You block the orc's attack.
The orc misses you.
The orc priest calls down the wrath of Beogh upon you.
Beogh smites you!
The orc priest mumbles some strange prayers to Beogh against you.
Beogh smites you!
* * * LOW HITPOINT WARNING * * *
You block the orc warrior's attack.
Unknown command.
Your system partially rejects the healing.
You feel much better. The ettin barely misses you.
The ettin hits you with a dire flail!!
* * * LOW HITPOINT WARNING * * *
The orc misses you. The troll closely misses you.
The troll claws you but does no damage. The troll claws you!
* * * LOW HITPOINT WARNING * * *
You block the orc's attack. You block the orc warrior's attack.
The orc hits you but does no damage. The orc warrior misses you.
The ettin closely misses you. The ettin hits you with a dire flail!!
You die...

## # . .. #.
... .# ....
.### .....#..##
........o#{{
.....oC@#{
.....oooT......
.....ooooo#....
..#.o.....# ..
...o..#..##
..o..#####
....# ...#


You could see an orc knight, an ettin, a troll, 2 orc warriors, 2 orc priests, 2
orc wizards and 6 orcs.

Vanquished Creatures
  Kirke (D:13)
  An azure jelly (Lair:5)
  3 dire elephants
  A minotaur (Lab)
  Fannar (D:11)
  An ice dragon (Lair:4)
  6 hydras
  A centaur warrior (D:14)
  2 catoblepae
  2 dancing weapons (D:13)
  A deep troll shaman (Lair:6)
  The ghost of anet the Covert, a journeyman GrMo of Ashenzari (D:8)
  9 death yaks
  Urug (D:13)
  Nergalle (D:11)
  3 unseen horrors
  A lindwurm (Lair:5)
  4 hill giants
  A swamp dragon (shapeshifter) (D:13)
  3 orc knights (Bailey)
  A wolf spider zombie (D:12)
  An oklob plant (Lair:4)
  2 ugly things (D:11)
  2 cyclopes (D:14)
  3 sirens (Lair:4)
  37 elephants
  5 black mambas
  Psyche (D:12)
  A gargoyle (D:10)
  5 spiny frogs
  5 komodo dragons
  A kobold demonologist (D:13)
  6 rime drakes
  3 trolls
  A merfolk (Lair:4)
  2 hornets
  A dream sheep (D:13)
  7 polar bears
  2 two-headed ogres
  10 hippogriffs
  A spriggan (Lair:2)
  A wraith (D:14)
  2 basilisks
  3 hogs (D:13)
  35 yaks
  3 wyverns
  4 hungry ghosts
  Edmund (D:6)
  4 nagas (Lair:3)
  Duvessa (D:5)
  12 water moccasins
  4 ice beasts
  5 porcupines
  20 orc warriors
  8 black bears
  A phantom (D:7)
  7 sky beasts
  5 ogres
  An eye of draining (D:8)
  A necrophage (D:7)
  3 boggarts (D:14)
  12 centaurs
  9 wolves
  14 crocodiles
  8 big kobolds
  24 bullfrogs
  An earth elemental (Lab)
  Dowan (D:5)
  A wyvern zombie (D:11)
  A water moccasin zombie (Ossuary)
  2 wyvern skeletons
  4 scorpions
  4 killer bees (D:11)
  11 wights
  3 howler monkeys
  2 electric eels (Lair:3)
  7 crimson imps
  3 centaur zombies
  3 bullfrog zombies
  A quasit (D:8)
  7 orc priests
  6 jellies
  3 bullfrog skeletons
  2 centaur skeletons
  8 hounds
  2 hell rats (Lair:5)
  9 iguanas
  16 orc wizards
  8 worker ants
  2 big kobold zombies (Ossuary)
  2 mummies (Ossuary)
  A hound skeleton (D:4)
  A worker ant zombie (D:9)
  3 gnolls (D:4)
  13 adders
  11 river rats (Lair:5)
  2 shadow imps
  2 white imps (Lair:4)
  3 oozes (D:1)
  3 adder skeletons
  4 adder zombies (Ossuary)
  5 worms
  2 dart slugs (D:1)
  5 leopard geckos
  69 orcs
  6 giant cockroaches
  6 gnoll zombies (Ossuary)
  13 goblins
  4 hobgoblins
  18 jackals
  8 quokkas
  A ball python (D:3)
  5 bats
  4 frilled lizards (D:3)
  3 hobgoblin zombies (Ossuary)
  17 kobolds
  4 kobold zombies (Ossuary)
  A leopard gecko skeleton (D:6)
  3 orc zombies (Ossuary)
  A quokka zombie (D:7)
  7 rats
663 creatures vanquished.

Vanquished Creatures (others)
  A quokka (D:14)
  53 fungi (Lair:2)
  6 plants (Lair:2)
  9 toadstools (Lair:3)
69 creatures vanquished.

Grand Total: 732 creatures vanquished

Notes
Turn   | Place    | Note
-------+----------+-------------------------------------------
     0 | D:1      | sveltemanboy the Demonspawn Gladiator began the quest for the Orb.
     0 | D:1      | Reached XP level 1. HP: 16/16 MP: 1/1
   146 | D:1      | Gained mutation: You regenerate a little health from kills. [demonic ancestry]
   146 | D:1      | Reached XP level 2. HP: 17/22 MP: 2/2
   324 | D:1      | Gained mutation: You regenerate health from kills. [demonic ancestry]
   324 | D:1      | Reached XP level 3. HP: 27/27 MP: 3/3
   330 | D:1      | Reached skill level 1 in Armour
   665 | D:2      | Found an ancient bone altar of Kikubaaqudgha.
   768 | D:2      | Gained mutation: You have a pair of small antennae on your head. [demonic ancestry]
   768 | D:2      | Reached XP level 4. HP: 33/33 MP: 4/4
   810 | D:2      | Found a sparkling altar of Nemelex Xobeh.
  2102 | D:4      | Reached skill level 1 in Maces & Flails
  2109 | D:4      | Gained mutation: You regenerate a lot of health from kills. [demonic ancestry]
  2109 | D:4      | Reached XP level 5. HP: 32/38 MP: 5/5
  2370 | D:4      | Got a fine leather armour
  2381 | D:4      | Identified the +1 leather armour of an ice cave {rF- rCorr Str+4} (You found it on level 4 of the Dungeon)
  2417 | D:4      | Found Assog's Antique Weapon Shop.
  2439 | D:4      | Reached XP level 6. HP: 41/44 MP: 6/6
  2576 | D:4      | Found a staircase to the Ecumenical Temple.
  2584 | Temple   | Entered the Ecumenical Temple
  2726 | Temple   | Became a worshipper of Warmaster Okawaru
  2839 | D:5      | Entered Level 5 of the Dungeon
  2961 | D:5      | Found a sand-covered staircase.
  2972 | D:5      | Noticed Duvessa
  2996 | D:5      | Killed Duvessa
  2997 | D:5      | Noticed Dowan
  3004 | D:5      | Killed Dowan
  3004 | D:5      | Reached * piety under Okawaru
  3004 | D:5      | Gained mutation: You have a pair of antennae on your head. [demonic ancestry]
  3004 | D:5      | Reached XP level 7. HP: 36/50 MP: 7/7
  3064 | Ossuary  | Entered an ossuary
  3319 | D:5      | Got a translucent trident
  3320 | D:5      | Identified the +11 trident "Worm" {pierce, rC+ Str+2 Dex+2} (You found it on level 5 of the Dungeon)
  3620 | D:5      | Reached skill level 1 in Polearms
  3620 | D:5      | Reached skill level 1 in Invocations
  3638 | D:5      | Reached skill level 2 in Polearms
  4108 | D:6      | Reached ** piety under Okawaru
  4108 | D:6      | Gained mutation: You have a pair of large antennae on your head. (SInv) [demonic ancestry]
  4108 | D:6      | Reached XP level 8. HP: 56/56 MP: 9/9
  4120 | D:6      | Reached skill level 3 in Polearms
  4327 | D:6      | Found a bloodstained altar of Trog.
  4370 | D:6      | Noticed Edmund
  4379 | D:6      | Killed Edmund
  4423 | D:6      | Reached skill level 4 in Polearms
  4774 | D:6      | Reached skill level 5 in Polearms
  4774 | D:6      | Reached skill level 5 in Invocations
  4955 | D:7      | Reached *** piety under Okawaru
  4965 | D:7      | Reached skill level 6 in Polearms
  4974 | D:7      | Reached XP level 9. HP: 58/60 MP: 13/13
  5137 | D:7      | Found a shimmering altar of Xom.
  5343 | D:7      | Found a flagged portal.
  5354 | Bailey   | Entered a bailey
  5359 | Bailey   | Reached skill level 7 in Polearms
  5434 | Bailey   | Reached **** piety under Okawaru
  5509 | Bailey   | Noticed an orc knight
  5568 | Bailey   | Reached skill level 8 in Polearms
  5677 | Bailey   | Killed an orc knight
  5690 | Bailey   | Noticed an orc knight
  5711 | Bailey   | Killed an orc knight
  5711 | Bailey   | Reached XP level 10. HP: 49/69 MP: 16/16
  5716 | Bailey   | Noticed an orc knight
  5751 | Bailey   | Killed an orc knight
  5751 | Bailey   | Reached ***** piety under Okawaru
  5751 | Bailey   | Reached skill level 9 in Polearms
  5921 | D:7      | Found a faded altar of an unknown god.
  5921 | D:7      | Found a sacrificial altar of Ru.
  5926 | D:7      | Found a faded altar of an unknown god.
  5928 | D:7      | Found a faded altar of an unknown god.
  5930 | D:7      | Found a faded altar of an unknown god.
  6650 | D:8      | Gained mutation: You can translocate small distances at will. [mutagenic meat]
  6651 | D:8      | Gained mutation: You are dopey. (Int -2) [mutagenic meat]
  6652 | D:8      | Gained mutation: You have large cloven feet. [mutagenic meat]
  6653 | D:8      | Lost mutation: You have large cloven feet. [mutagenic meat]
  6654 | D:8      | Gained mutation: Your flesh is cold resistant. (rC+) [mutagenic meat]
  6714 | D:8      | Reached skill level 5 in Fighting
  6750 | D:8      | Reached skill level 10 in Polearms
  6844 | D:8      | Received a gift from Okawaru
  6878 | D:8      | Noticed anet's ghost (journeyman GrMo)
  6901 | D:8      | Killed anet's ghost
  7374 | D:8      | Received a gift from Okawaru
  7377 | D:8      | Got an iridescent broad axe {god gift}
  7568 | D:8      | Identified the +9 broad axe "Ifre" {chop, rC+} (Okawaru gifted it to you on level 8 of the Dungeon)
  7797 | D:9      | Found a blossoming altar of Fedhas.
  7913 | D:9      | Found a stormy altar of Qazlal.
  7915 | D:9      | Found a sparkling altar of Nemelex Xobeh.
  7916 | D:9      | Found a basalt altar of Yredelemnul.
  7995 | D:9      | Found a snail-covered altar of Cheibriados.
  8196 | D:9      | Reached skill level 5 in Armour
  8201 | D:9      | Gained mutation: You tend to lose your temper in combat. [mutagenic meat]
  8213 | D:9      | Reached XP level 11. HP: 79/79 MP: 17/17
  8238 | D:9      | Reached skill level 11 in Polearms
  8728 | D:9      | Identified a scroll of acquirement
  8736 | D:10     | Entered Level 10 of the Dungeon
  8870 | D:10     | Found a staircase to the Orcish Mines.
  9020 | D:10     | Noticed a hill giant
  9033 | D:10     | Killed a hill giant
  9071 | D:10     | Noticed a hill giant
  9081 | D:10     | Killed a hill giant
  9081 | D:10     | Reached skill level 12 in Polearms
  9126 | D:10     | Noticed an unseen horror
  9127 | D:10     | Found an opulent altar of Gozag.
  9130 | D:10     | Killed an unseen horror
  9227 | D:10     | Received a gift from Okawaru
  9358 | D:10     | Found Uherch's Antique Armour Shoppe.
  9372 | D:10     | Bought a shimmering ring mail for 270 gold pieces
  9382 | D:10     | Identified the +2 ring mail of Bitterness {rN++ Slay+2} (You bought it in a shop on level 10 of the Dungeon)
  9702 | D:10     | Reached ****** piety under Okawaru
  9846 | D:11     | Noticed Nergalle
  9859 | D:11     | Killed Nergalle
  9952 | D:11     | Found a labyrinth entrance.
  9956 | D:11     | Noticed a hill giant
  9957 | D:11     | Noticed Fannar
  9957 | D:11     | Noticed a white ugly thing
  9986 | D:11     | Killed a white ugly thing
  9991 | D:11     | Killed a hill giant
  9991 | D:11     | Gained mutation: You have sharp fingernails. [demonic ancestry]
  9991 | D:11     | Reached XP level 12. HP: 60/86 MP: 18/18
  9995 | D:11     | Reached skill level 13 in Polearms
 10007 | D:11     | Killed Fannar
 10007 | D:11     | Received a gift from Okawaru
 10012 | D:11     | Got an ichor-stained scale mail {god gift}
 10031 | D:11     | Identified the +2 scale mail "Xacuig" {*Corrode rN+ MR+++} (Okawaru gifted it to you on level 11 of the Dungeon)
 10044 | Lab      | Entered a labyrinth
 10325 | Lab      | Noticed a minotaur
 10333 | Lab      | Killed a minotaur
 10343 | Lab      | Got an ancient brass amulet
 10343 | Lab      | Got a clouded glass ring
 10418 | D:11     | Identified the amulet "Boutaut" {RegenMP rF- Str+8 Dex+4} (You found it in a labyrinth)
 10420 | D:11     | Identified the ring of the Thirteen Hells {Fire -Tele rElec rPois rN++} (You found it in a labyrinth)
 10487 | D:11     | Gained mutation: You are clumsy. (Dex -2) [mutagenic meat]
 10500 | D:11     | Found a staircase to the Lair.
 10945 | D:12     | Noticed Psyche
 10949 | D:12     | Killed Psyche
 11504 | D:13     | Noticed Kirke
 11507 | D:12     | Upgraded the game from 0.19-a0-1920-g83281cb to 0.19-a0-1922-g1e9a4c1
 11592 | D:13     | Found a gate to the Vaults.
 11609 | D:13     | Reached skill level 14 in Polearms
 11880 | D:13     | Killed Kirke
 12107 | D:13     | Found a huge runed gate.
 12108 | D:13     | Found a huge runed gate.
 12111 | D:13     | Found a huge runed gate.
 12111 | D:13     | Noticed a death yak
 12112 | D:13     | Found a huge runed gate.
 12194 | D:13     | Killed a death yak
 12194 | D:13     | Reached XP level 13. HP: 66/93 MP: 19/19
 12198 | D:13     | Received a gift from Okawaru
 12225 | D:13     | Got a pair of steaming gloves {god gift}
 12231 | D:13     | Identified the +1 pair of gloves of the Secret Places {Regen+ Dex+4} (Okawaru gifted it to you on level 13 of the Dungeon)
 12319 | D:13     | Lost mutation: You tend to lose your temper in combat. [potion of cure mutation]
 12319 | D:13     | Lost mutation: You can translocate small distances at will. [potion of cure mutation]
 12319 | D:13     | Lost mutation: You are dopey. (Int -2) [potion of cure mutation]
 12319 | D:13     | Lost mutation: You are clumsy. (Dex -2) [potion of cure mutation]
 12319 | D:13     | Lost mutation: Your flesh is cold resistant. (rC+) [potion of cure mutation]
 12608 | D:13     | Noticed Urug
 12618 | D:13     | Killed Urug
 12711 | D:14     | Reached skill level 15 in Polearms
 12778 | D:14     | Found a white marble altar of Elyvilon.
 13327 | D:14     | Found a glowing golden altar of the Shining One.
 13508 | Lair:1   | Entered Level 1 of the Lair of Beasts
 13585 | Lair:1   | Got a shimmering marble ring
 13591 | Lair:1   | Identified the ring of Soohish {rPois rN++ Int+4} (You found it on level 1 of the Lair of Beasts)
 13606 | Lair:1   | Gained mutation: Your muscles are strong. (Str +2) [potion of mutation]
 13606 | Lair:1   | Gained mutation: You expend magic power (3 MP) to strengthen your wands. [potion of mutation]
 13606 | Lair:1   | Gained mutation: Your spells are a little harder to cast, but a little more powerful. [potion of mutation]
 13745 | Lair:1   | Reached skill level 1 in Shields
 13774 | Lair:1   | Lost mutation: Your muscles are strong. (Str +2) [potion of mutation]
 13774 | Lair:1   | Gained mutation: You are resistant to hostile enchantments. (MR+) [potion of mutation]
 13774 | Lair:1   | Gained mutation: Potions and wands are less effective at restoring your health. [potion of mutation]
 13775 | Lair:1   | Gained mutation: Your spells are harder to cast, but more powerful. [potion of mutation]
 13775 | Lair:1   | Lost mutation: You expend magic power (3 MP) to strengthen your wands. [potion of mutation]
 14066 | Lair:1   | Gained mutation: Your muscles are strong. (Str +2) [potion of beneficial mutation]
 14750 | Lair:2   | Received a gift from Okawaru
 15073 | Lair:2   | Noticed a dire elephant
 15095 | Lair:2   | Killed a dire elephant
 15095 | Lair:2   | Reached skill level 5 in Dodging
 15102 | Lair:2   | Reached skill level 5 in Shields
 15154 | Lair:2   | Gained mutation: You have large cloven feet. [demonic ancestry]
 15154 | Lair:2   | Reached XP level 14. HP: 99/106 MP: 20/20
 15580 | Lair:3   | Found a staircase to the Snake Pit.
 15945 | Lair:3   | Found a runed door.
 16788 | Lair:4   | Found a staircase to the Shoals.
 17679 | Lair:5   | Gained mutation: Your mind is acute. (Int +2) [potion of mutation]
 17679 | Lair:5   | Gained mutation: Your muscles are very strong. (Str +4) [potion of mutation]
 17679 | Lair:5   | Gained mutation: You possess an exceptional clarity of mind. [potion of mutation]
 17732 | Lair:5   | Received a gift from Okawaru
 17988 | Lair:5   | Found a runed door.
 17995 | Lair:5   | Found a viscous altar of Jiyva.
 18001 | Lair:5   | Noticed an azure jelly
 18369 | Lair:5   | Found a staircase to the Slime Pits.
 18379 | Lair:5   | Killed an azure jelly
 18464 | Lair:6   | Entered Level 6 of the Lair of Beasts
 18926 | Lair:6   | Gained mutation: You have very sharp fingernails. [demonic ancestry]
 18926 | Lair:6   | Reached XP level 15. HP: 99/115 MP: 21/21
 18985 | Lair:6   | Reached skill level 10 in Fighting
 18991 | Lair:6   | Received a gift from Okawaru
 18997 | Lair:6   | Got a smoking scale mail {god gift}
 19009 | Lair:6   | Identified the +5 scale mail of the Blacksmith {+Inv rElec Slay-4 SInv} (Okawaru gifted it to you on level 6 of the Lair of Beasts)
 19102 | Lair:6   | Reached skill level 10 in Shields
 19831 | Orc:1    | Entered Level 1 of the Orcish Mines
 19852 | Orc:1    | Mangled by an ettin

Vault maps used:
D:1:      roderic_chinese_lattice_arrival
D:2:      lemuel_crystal_altar, first_bread, nemelex_xobeh_ov_fountains_minmay
D:4:      serial_shops, shop_statue
D:5:      enter_ossuary_1, hangedman_decor_growths, uniq_duvessa
D:6:      basic_altar, minmay_misc_feat_nine_boxes, uniq_edmund
D:7:      chequers_temple_overflow_minitemple, tgw_xom, enter_bailey_8,
          nrook_pool_corridor, grunt_ogre_cave, kennysheep_big_empty_room,
          grunt_decor_cap
D:8:      kennysheep_spiral_hall
D:9:      minitemple, cheibrodos_worm_habitat, basic_altar
D:10:     david_orc_4, serial_shops, shop, nrook_mini_backslash,
          roderic_serpentine_path, nicolae_gozag_seed_capital
D:11:     david_lair_generic, lab_entry_generic, uniq_fannar, uniq_nergalle
D:12:     hangedman_decor_slide_cut, feat_on_display, uniq_psyche
D:13:     lemuel_bear_cage, erik_vaults_1, uniq_kirke, uniq_urug
D:14:     nicolae_tso_swordbearing_angel, elyvilon_altar_4
Temple:   minmay_temple_curvy_branch
Lair:1:   dpeg_oklob_gauntlet
Lair:2:   mu_elephants_graveyard
Lair:3:   gammafunk_lair_enchanted_lake, minmay_snake_entry_guardpost_small,
          serial_bayou_lake_a
Lair:4:   elwin_shoals_entry_stream, bobbens_ice_dragon_lair,
          lemuel_fruit_fields
Lair:5:   kennysheep_rathole, slime_altar_2
Lair:6:   grunt_lair_end_beastmaster
Orc:1:    serial_shops, shop, shop, nicolae_shop_overgrown_old_shop
Lab:      labyrinth_spiral, nicolae_lab_hexagon, lab_hedge, nicolae_lab_do_over,
          labyrinth_skeletal_remains
Ossuary:  ossuary_tomb_2
Bailey:   bailey_polearm_5, bailey

Skill      XL: |  1  2  3  4  5  6  7  8  9 10 11 12 13 14 15 |
---------------+----------------------------------------------+-----
Axes           | 3 4 |  4.4
Armour         | 1 2 3 4 5 7 9 |  9.0
Maces & Flails | 1 2 4 |  4.9
Polearms       | 2 6 8 10 12 14 15 | 15.4
Invocations    | 2 6 8 |  8.0
Fighting       | 3 5 8 9 10 | 10.2
Dodging        | 3 5 7 |  7.9
Shields        | 5 9 10 | 10.0
Throwing       | |  1.7

Action                   |  1- 3 |  4- 6 |  7- 9 | 10-12 | 13-15 || total
-------------------------+-------+-------+-------+-------+-------++-------
Melee: War axe           |    85 |    35 |       |       |       ||   120
       Whip              |       |   142 |   121 |       |       ||   263
       Trident           |       |       |   219 |   689 |    50 ||   958
       Demon trident     |       |       |       |       |   816 ||   816
Throw: Stone             |     7 |     4 |     4 |       |       ||    15
       Throwing net      |     2 |       |       |     1 |       ||     3
Invok: Heroism           |       |       |     1 |     4 |       ||     5
       Finesse           |       |       |       |     1 |       ||     1
Evoke: Wand              |       |       |    13 |     1 |     7 ||    21
  Use: Scroll            |       |       |     9 |    15 |    12 ||    36
       Potion            |       |       |       |     5 |     8 ||    13
 Stab: Sleeping          |     1 |       |       |       |       ||     1
       Held in net/web   |     2 |       |       |     1 |       ||     3
       Paralysed         |       |       |     5 |       |       ||     5
       Distracted        |       |       |       |     1 |       ||     1
  Eat: Chunk             |       |     5 |    11 |    33 |    25 ||    74
       Pizza             |       |       |       |     1 |       ||     1
Armor: Leather armour    |    14 |    10 |       |       |       ||    24
       Ring mail         |     9 |    39 |       |    56 |    88 ||   192
       Scale mail        |       |       |   117 |    93 |       ||   210
       Ice dragon scales |       |       |       |       |   129 ||   129
Dodge: Dodged            |    56 |    85 |   123 |   214 |   316 ||   794
Block: Shield            |       |       |       |       |    53 ||    53
